 Dungeon Crawl Stone Soup version 0.28-a0-265-g048bc9fd10 (webtiles) character file.

Game seed: 5353771891151861959

97 Ankalagon the Ruffian (level 4, -2/38 HPs)
             Began as a Naga Transmuter on Aug 27, 2021.
             Slain by an orc (7 damage)
             ... on level 3 of the Dungeon.
             The game lasted 00:06:27 (3374 turns).

Ankalagon the Ruffian (Naga Transmuter)             Turns: 3374, Time: 00:06:28

Health: -2/38      AC:  2    Str: 13    XL:     4   Next: 68%
Magic:  4/7        EV:  9    Int: 14    God:
Gold:   92         SH:  0    Dex: 11    Spells: 1/7 levels left

rFire   . . .      SeeInvis +     - Unarmed
rCold   . . .      Faith    .   (no shield)
rNeg    . . .      Spirit   .   a - +0 robe
rPois   +          Reflect  .   (helmet currently unavailable)
rElec   .          Harm     .   (no cloak)
rCorr   .          Rampage  .   (no gloves)
Will    .....                   (no barding)
Stlth   +.........              (no amulet)
HPRegen 0.12/turn               (no ring)
MPRegen 0.10/turn               (no ring)

@: short of breath, appendages (expiring), wereblooded, very slow
A: horns 2, AC +1, large, see invisible, deformed body, poison resistance,
slowness 2, spit poison 1, naga tail 1
a: Spit Poison, End Transformation


You were on level 3 of the Dungeon.
You had temporarily grown beastly horns.
You visited 1 branch of the dungeon, and saw 3 of its levels.

You collected 92 gold pieces.

Inventory:

Armour
 a - a +0 robe (worn)
 f - a +0 ring mail
 o - a +0 helmet (melded)
Scrolls
 g - a scroll of amnesia {unknown}
 h - a scroll of enchant armour {unknown}
 j - a scroll of immolation {unknown}
 k - a scroll of identify {unknown}
 n - a scroll of noise {unknown}
Potions
 b - a potion of degeneration {unknown}
 c - a potion of attraction {unknown}
 d - a potion of might {unknown}
 e - a potion of curing {unknown}
 i - a potion of berserk rage {unknown}
 l - a potion of flight {unknown}
 m - a potion of heal wounds {unknown}


   Skills:
 - Level 1.0 Fighting
 - Level 1.5 Dodging
 - Level 4.0 Unarmed Combat
 - Level 2.0 Spellcasting
 - Level 3.3 Transmutations
 + Level 2.4 Poison Magic


You had one spell level left.
You knew the following spells:

 Your Spells              Type           Power      Damage    Failure   Level
a - Wereblood             Tmut           10%        N/A       10%         2
e - Beastly Appendage     Tmut           20%        N/A       6%          1
g - Spider Form           Tmut/Pois      4%         N/A       22%         3

Your spell library contained the following spells:

 Spells                   Type           Power      Damage    Failure   Level
 Ice Form                 Ice/Tmut       6%         N/A       77%         4


Dungeon Overview and Level Annotations

Branches:
Dungeon (3/15)

Altars:

Annotations:
D:2 Sigmund


Innate Abilities, Weirdness & Mutations

You have temporarily grown beastly horns.
Your serpentine skin is tough. (AC +1)
You have supernaturally acute eyesight. (SInv)
Armour fits poorly on your strangely shaped body.
Your system is resistant to poisons. (rPois)
You cover ground very slowly.
You can spit poison.
You have a snake-like lower body.


Message History

The orc completely misses you.
The orc wizard hits you with a +0 dagger.
An orc comes into view. It is wielding a +0 hand axe.
Unknown command.
Casting: Beastly Appendage (safe; 6% risk of failure)
Confirm with . or Enter, or press ? or * to list all spells.
You extend your transformation's duration.
The orc completely misses you.
The orc wizard hits you with a +0 dagger.
Unknown command.
Casting: Beastly Appendage (safe; 6% risk of failure)
Confirm with . or Enter, or press ? or * to list all spells.
Your blood is infused with primal strength.
The orc hits you from afar with a +0 trident.
The orc wizard barely misses you. The orc hits you with a +0 hand axe.
Abil: Spit Poison
Press: ? - help, Q - select action, (/) - cycle Shift-Dir - straight line, f - orc wizard
Aim: an orc wizard, wielding a +0 dagger and wearing a +0 robe (heavily wounded)
The splash of poison misses the orc wizard.
The orc hits you from afar with a +0 trident.
The orc wizard hits you with a +0 dagger.
The orc barely misses you.
You hit the orc wizard. You headbutt the orc wizard.
The orc wizard is almost dead.
The orc barely misses you. The orc wizard closely misses you.
The orc hits you with a +0 hand axe.
You hit the orc wizard but do no damage.
Your headbutt misses the orc wizard.
The orc wizard is almost dead.
The orc barely misses you. The orc wizard barely misses you.
The orc hits you but does no damage.
You hit the orc wizard but do no damage.
The orc wizard is almost dead.
Your transformation is almost over.
The orc hits you from afar with a +0 trident!
* * * LOW HITPOINT WARNING * * *
The orc wizard hits you with a +0 dagger.
* * * LOW HITPOINT WARNING * * *
The orc hits you with a +0 hand axe!
You die...

######........+........#.........
....##........####.....#...##.##.
....##........# #.....#...##.##.
....##.......)#####....#.....#...
....'.............#....#...##.#..
....#############.#........##....
##...............................
♣##'##....[.....o).....##..##...#
#♣≈≈##..........@oo....##..##...#
♣≈♣♣≈#############.......##.....#
≈♣#♣≈# .......#.......##.....#
≈≈♣#♣# .......#..#..##..#....#
≈♣≈♣##########...#..#..##.......#
♣#♣≈#........#...'..#...........#
#♣♣≈'..#####.#...#..##........#.#
♣≈≈##......#.#...#..###.#.#####.#
#####......#.#...#..# #...#####.#


You could see an orc wizard and 2 orcs.

Vanquished Creatures
  An orc wizard (D:3)
  3 dart slugs
  6 orcs (D:3)
  3 bats
  7 endoplasms
  2 giant cockroaches
  6 goblins
  5 hobgoblins (D:1)
  5 kobolds
  A quokka (D:2)
  7 ball pythons
  A frilled lizard (D:3)
  7 rats
54 creatures vanquished.

Notes
Turn   | Place    | Note
-------+----------+-------------------------------------------
     0 | D:1      | Ankalagon the Naga Transmuter began the quest for the Orb.
     0 | D:1      | Reached XP level 1. HP: 18/18 MP: 3/3
   195 | D:1      | Reached XP level 2. HP: 25/25 MP: 3/5
   244 | D:1      | Learned a level 2 spell: Wereblood
   766 | D:1      | Reached XP level 3. HP: 31/31 MP: 6/6
  1529 | D:2      | Noticed Sigmund
  1702 | D:2      | Learned a level 3 spell: Spider Form
  2558 | D:3      | Reached XP level 4. HP: 31/38 MP: 7/7
  2745 | D:3      | Reached skill level 4 in Unarmed Combat
  3213 | D:3      | Reached skill level 1 in Poison Magic
  3374 | D:3      | Slain by an orc

Illustrated notes

Levels and vault maps discovered:
D:1:      amcnicky_arrival_gap_in_the_tavern_cellar, layout_loops_cross
D:2:      layout_rooms, serial_curves, eino_curves_04, eino_curves_03,
          eino_curves_02, corexii_item_surrounded_by_moat, uniq_sigmund
D:3:      layout_basic, hangedman_decor_growths, saegor_snake_ambush

Skill      XL: |  1  2  3  4 |
---------------+-------------+-----
Transmutations | 3 |  3.3
Unarmed Combat | 4 |  4.0
Poison Magic   | 2 |  2.4
Fighting       | |  1.0
Dodging        | |  1.5
Spellcasting   | |  2.0

Action                   |  1- 3 |  4- 6 || total
-------------------------+-------+-------++-------
Melee: Unarmed           |   106 |    27 ||   133
       Headbutt          |     7 |     1 ||     8
       Punch             |     1 |       ||     1
 Cast: Beastly Appendage |    12 |     2 ||    14
       Wereblood         |       |     1 ||     1
 Abil: Spit Poison       |    30 |    12 ||    42
 Stab: Sleeping          |     1 |       ||     1
Armor: Robe              |    18 |     7 ||    25
Dodge: Dodged            |    68 |    17 ||    85

Table legend: (Time is in decaauts)
 A = Elapsed time spent in this place.
 B = Non-inter-level travel time spent in this place.
 C = Inter-level travel time spent in this place.
 D = Time resting spent in this place.
 E = Time spent auto-exploring this place.
 F = Levels seen in this place.
 G = Mean time per level.
                   A        B        C        D        E       F      G
               +--------+--------+--------+--------+--------+-----+--------+
         Total |   4197 |   4151 |     46 |     97 |   3439 |   3 | 1399.0 |
       Dungeon |   4197 |   4151 |     46 |     97 |   3439 |   3 | 1399.0 |
               +--------+--------+--------+--------+--------+-----+--------+

Top non-repeatable levels by time:
     D:3: 1675 daAuts
     D:1: 1529 daAuts
     D:2: 992 daAuts
